 Dungeon Crawl Stone Soup version 0.30.1-11-g7821555f0a (webtiles) character file.

Game seed: 4175818106491152661

193 KittyFluff the Cudgeller (level 5, -8/33 HPs)
             Began as a Gargoyle Berserker on Nov 16, 2023.
             Was a Believer of Trog.
             Killed by divine providence
             ... invoked by an orc priest
              (9 damage)
             ... on level 5 of the Dungeon.
             The game lasted 00:16:10 (3921 turns).

KittyFluff the Cudgeller (Gargoyle Berserker)       Turns: 3921, Time: 00:16:12

Health: -8/33      AC:  8    Str: 23    XL:     5   Next: 72%
Magic:  5/5        EV: 11    Int:  7    God:    Trog [**....]
Gold:   314        SH:  0    Dex:  9    Spells: 4/4 levels left

rFire   . . .        a - +0 mace
rCold   . . .        (no shield)
rNeg    + . .        j - +0 leather armour
rPois   ∞            (no helmet)
rElec   +            d - +0 cloak
rCorr   .            (no gloves)
SInv    .            (no boots)
Will    .....        (no amulet)
Stlth   +            (no ring)
HPRegen 0.25/turn    (no ring)
MPRegen 0.09/turn

%: no passive effects
@: no status effects
A: sickness immunity, AC +4, negative energy resistance 1, electricity
resistance, torment resistance 1, petrification resistance
a: Renounce Religion, Berserk, Trog's Hand


You were on level 5 of the Dungeon.
You worshipped Trog.
Trog was pleased with you.
You visited 1 branch of the dungeon, and saw 5 of its levels.

You collected 314 gold pieces.

Inventory:

Hand Weapons
 a - a +0 mace (weapon)
 c - a +0 quarterstaff
Armour
 d - a +0 cloak (worn)
 i - a +1 hat
 j - a +0 leather armour (worn)
 k - a +2 hat
Scrolls
 b - 2 scrolls of fog {unknown}
 e - a scroll of vulnerability {unknown}
 f - 2 scrolls of fear {unknown}
 l - 2 scrolls of noise {unknown}
 m - a scroll of blinking {unknown}
 n - a scroll of poison {unknown}
 o - a scroll of silence {unknown}
 p - 2 scrolls of torment {unknown}
 q - a scroll of enchant armour {unknown}
 r - a scroll of enchant weapon {unknown}
 s - a scroll of acquirement {unknown}
 t - a scroll of immolation {unknown}
Potions
 g - a potion of flight
 h - a potion of mutation
 u - 3 potions of curing
 v - a potion of attraction {unknown}
 w - a potion of berserk rage {unknown}
 z - 2 potions of lignification {unknown}
 A - a potion of brilliance {unknown}


   Skills:
 + Level 3.9 Fighting
 * Level 4.1 Maces & Flails
 * Level 3.8 Armour
 + Level 2.2 Dodging
 + Level 2.2 Stealth


You had 4 spell levels left.
You didn't know any spells.
Your spell library was empty.

Dungeon Overview and Level Annotations

Branches:
Dungeon (5/15)
 Temple: D:4-7

Altars:
Gozag
Makhleb
Trog
Xom
Yredelemnul

Shops:
D:1 ![*   D:2 *[?[


Innate Abilities, Weirdness & Mutations

You are immune to sickness and miasma.
Your stone body is resilient. (AC +4)
You are immune to poison.
You resist negative energy. (rN+)
You are resistant to electric shocks. (rElec)
You are resistant to unholy torment.
You are immune to petrification.


Message History

The orc priest mumbles some strange prayers to Beogh against you.
Beogh smites you!
* * * LOW HITPOINT WARNING * * *
You hit the orc priest but do no damage.
The orc priest is moderately wounded.
The orc priest barely misses you.
You hit the orc priest.
The orc priest is heavily wounded.
The orc priest misses you.
You hit the orc priest. Your punch misses the orc priest.
The orc priest is severely wounded.
The orc priest looks satisfied for a moment.
You barely miss the orc priest.
The orc priest is severely wounded.
You sock the orc wizard!
The orc wizard is heavily wounded.
The orc priest calls upon Beogh to heal the orc wizard.
The orc wizard is healed somewhat.
The orc wizard barely misses you.
You hit the orc wizard.
The orc wizard is heavily wounded.
The orc priest casts a cantrip, but nothing happens.
The orc wizard hits you with a +0 dagger.
* * * LOW HITPOINT WARNING * * *
You sock the orc wizard!
The orc wizard is almost dead.
The orc wizard casts a spell at you. The magic dart hits you.
* * * LOW HITPOINT WARNING * * *
You hit the orc wizard but do no damage.
The orc wizard is almost dead.
The orc wizard casts a spell at you. The puff of flame hits you.
* * * LOW HITPOINT WARNING * * *
You hit the orc wizard.
You kill the orc wizard!
Trog accepts your kill.
Trog appreciates your killing of a magic user.
The orc priest invokes the aid of Beogh against you.
Beogh smites you!
You die...

#.≈≈≈≈≈≈≈.......≈.#
#.≈.....)######.≈.#
#.≈.#####)....#.≈.#
#.≈.#....≈≈≈≈.#.≈.#####
#.≈.#.≈≈≈...≈.#.≈..>...
#.≈.#.≈_.##.≈.#.≈.....o
#.≈.#.≈...#.≈.#.≈#####.
.#.≈.#.≈...#.≈.#.#
.#.≈.#.≈≈._#.≈.#@#
##.≈.#...###.≈.#)##
#.≈.####....≈.#oo#
#.≈.....≈≈≈≈≈.#oo#
##.≈≈≈≈≈≈......#..#
.#.......#######..#
#########... ...# ###
...# #..#


You could see an orc priest and 3 orcs.

Vanquished Creatures
  2 orc wizards (D:5)
  An iguana (D:4)
  7 adders
  2 worms
  2 dart slugs
  3 orcs (D:5)
  8 ball pythons
  5 bats
  8 endoplasms
  A giant cockroach (D:2)
  7 goblins
  5 hobgoblins
  4 jackals (D:1)
  4 quokkas (D:1)
  3 frilled lizards
  4 kobolds
  3 rats
69 creatures vanquished.

Notes
Turn   | Place    | Note
-------+----------+-------------------------------------------
     0 | D:1      | KittyFluff the Gargoyle Berserker began the quest for the
                  | Orb.
     0 | D:1      | Reached XP level 1. HP: 14/14 MP: 1/1
   173 | D:1      | Found Umysoetu's Antique Armour Shoppe.
   279 | D:1      | Reached XP level 2. HP: 18/19 MP: 2/2
   337 | D:1      | Found Calath's Assorted Antiques.
   448 | D:1      | Found a faded altar of an unknown god.
   695 | D:1      | Found Ytacilonia's Distillery.
   740 | D:1      | Reached XP level 3. HP: 23/23 MP: 3/3
   783 | D:1      | Reached ** piety under Trog
   814 | D:1      | Reached skill level 1 in Stealth
  1215 | D:2      | Found Uhumud's Antique Armour Emporium.
  1408 | D:2      | Found Veheps's Magic Scroll Shop.
  1528 | D:2      | Reached XP level 4. HP: 26/28 MP: 4/4
  1607 | D:2      | Found Mimuhaur's Antique Armour Shop.
  1750 | D:2      | Found Kucox's General Store.
  2577 | D:3      | Found a bloodstained altar of Trog.
  2577 | D:3      | Found a shimmering altar of Xom.
  2577 | D:3      | Found a burning altar of Makhleb.
  3366 | D:4      | Reached skill level 4 in Maces & Flails
  3366 | D:4      | Reached XP level 5. HP: 23/33 MP: 5/5
  3758 | D:5      | Entered Level 5 of the Dungeon
  3842 | D:5      | Found a basalt altar of Yredelemnul.
  3874 | D:5      | Found an opulent altar of Gozag.
  3920 | D:5      | HP: 1/33 [orc wizard/puff of flame (4)]
  3921 | D:5      | Killed from afar by an orc priest

Illustrated notes

Levels and vault maps discovered:
D:1:      elethiomel_arrival_maze, layout_loops_corners,
          ebering_ecumenical_altar_rust, serial_shops,
          nicolae_shop_hallway_plus, nicolae_shop_peninsula,
          nicolae_shop_waterfront
D:2:      layout_basic, serial_shops, shop, nicolae_shop_waterfront, shop, shop
D:3:      layout_basic, gammafunk_temple_overflow_forgotten
D:4:      layout_layer_cave
D:5:      layout_loops_ring, nicolae_overflow_squiral, uniq_edmund

Skill      XL: |  1  2  3  4 |
---------------+-------------+-----
Stealth        | 1 2 |  2.2
Armour         | 3 |  3.8
Dodging        | 2 |  2.2
Maces & Flails | 4 |  4.1
Fighting       | |  3.9

Action                     |  1- 3 |  4- 6 || total
---------------------------+-------+-------++-------
  Melee: Mace              |   115 |   175 ||   290
         Punch             |       |     1 ||     1
    Use: Scroll            |       |     4 ||     4
   Stab: Sleeping          |       |     2 ||     2
 Armour: Animal skin       |    30 |       ||    30
         Leather armour    |    25 |    73 ||    98
  Dodge: Dodged            |    77 |   108 ||   185
